cohdb
Replays
Latest Replays
All Replays
Popular Replays
Top Player Replays
Match Explorer
How It Works
Community
CoH3 Stats
Reddit
Sign in to upload your games and track your stats! →
Sign in with Steam
Match 44107376
Unlisted
Match 44107376
Overview
Messages
Build Orders
End
Pioneer Squad
Construct Infanterie Kompanie
MG 42 Machine Gun Team
Grenadier Squad
Grenadier Squad
Selects Breakthrough Battlegroup
Selects Assault Grenadiers
Selects 2.5-tonne Cargo Truck
2.5-tonne Cargo Truck
Medical Station
Construct Luftwaffe Kompanie
2.5-tonne Cargo Truck
Support Elements
Wirbelwind Flakpanzer
Jäger Squad
Kettenkrad Recon Vehicle
2.5-tonne Cargo Truck
Construct Panzer Kompanie
Selects Smoke Bombing Run
Selects Incendiary Bombing Run
Incendiary Bombing Run
Selects Blitzkrieg
Sturmpanzer IV Brummbär
Marder III M Tank Destroyer
Smoke Bombing Run
Pioneer Squad
2.5-tonne Cargo Truck
Pioneer Squad
Incendiary Bombing Run
Smoke Bombing Run
Stoßtruppen Squad
GrW 34 Mortar Team
Selects Tiger Heavy Tank
Tiger Heavy Tank
Smoke Bombing Run
Incendiary Bombing Run
2.5-tonne Cargo Truck
GronGrinder
Nortgron
mouse in parrot's clothing
Bran
DrewP
Dillbro
0
0
Comments
sign in to comment!
No comments posted yet!